Map: Dusty Gorge

Players

MonstroTown

  • Race: Terran Terran
  • Spawn Location: 3:00

Michael

  • Race: Zerg Zerg
  • Spawn Location: 5:00

BabyBamBoo

  • Race: Protoss Protoss
  • League: Diamond
  • Spawn Location: 9:00

inexorable

  • Race: Zerg Zerg
  • League: Platinum
  • Spawn Location: 11:00

VOD

Have the link to the VOD?

Description

Time

  • Played on: Aug. 26, 2018, 12:39 a.m.
  • Length: 7:00
Show
View Real Time Build Order
Export as new Build Order

MonstroTown Terran 

Build Orders:  

Get SALT Encoding   

  12  0:01  SCV  
  13  0:13  SCV  
  14  0:18  Supply Depot  
  14  0:25  SCV  
  15  0:40  SCV  
  16  0:42  Barracks  
  16  0:48  Refinery  
  16  0:52  SCV  
  17  1:05  SCV  
  18  1:18  Barracks  
  18  1:36  Marine  
  19  1:42  Bunker  
  19  1:55  Marine  
  19  2:08  Marine  
  19  2:20  Marine  
  20  2:35  Marine  
  21  2:39  Marine  
  22  2:47  Orbital Command  
  21  2:53  Factory  
  20  3:08  Marine  
  22  3:12  Supply Depot  
  22  3:13  Supply Depot  
  20  3:34  Marine  
  20  3:39  Hellion  
  17  3:56  Marine  
  10  4:15  Cyclone  
  6  5:06  SCV  
  7  5:14  Cyclone  
  10  5:18  SCV  
  11  5:30  SCV  
  12  5:42  SCV  
  13  5:45  Command Center  
  13  5:46  Factory Tech Lab  
  13  5:54  SCV  
  11  6:06  Siege Tank  
  11  6:16  SCV  
  12  6:26  Barracks  
  12  6:28  SCV  
  13  6:40  SCV  
Show
View Real Time Build Order
Export as new Build Order

Michael Zerg 

Build Orders: Hatch First 

Get SALT Encoding   

  12  0:01  Drone  
  13  0:13  Overlord  
  13  0:18  Drone  
  14  0:31  Drone x2  
  14  0:35  Drone  
  17  0:54  Hatchery  
  17  0:57  Drone  
  17  1:01  Drone  
  18  1:05  Extractor  
  17  1:23  Spawning Pool  
  17  1:25  Drone x2  
  18  1:30  Drone  
  19  1:39  Drone  
  20  1:49  Overlord  
  20  2:12  Metabolic Boost  
  20  2:14  Zergling x6  
  23  2:25  Drone  
  23  2:26  Roach Warren  
  23  2:28  Extractor  
  23  2:29  Zergling x4  
  24  2:37  Zergling x2  
  24  2:40  Zergling x2  
  26  2:44  Zergling x2  
  21  3:09  Roach x2  
  24  3:13  Roach  
  24  3:14  Roach  
  24  3:18  Overlord  
  28  3:21  Lair  
  28  3:36  Zergling x2  
  28  3:37  Overlord  
  29  3:55  Roach  
  30  4:02  Roach  
  27  4:22  Roach x2  
  31  4:39  Roach  
  31  4:46  Roach  
  29  4:55  Roach  
  31  5:05  Roach  
  33  5:17  Roach  
  33  5:19  Queen  
  31  5:32  Hatchery  
  30  5:41  Roach  
  30  5:42  Roach  
  34  5:46  Roach  
  36  6:00  Roach  
  30  6:10  Zergling x2  
  29  6:26  Ravager x2  
  31  6:36  Drone x2  
Show
View Real Time Build Order
Export as new Build Order

BabyBamBoo Protoss 

Build Orders: Cannon Rush 

Get SALT Encoding   

  12  0:01  Probe  
  13  0:20  Probe, Pylon  
  13  0:28  Probe  
  15  0:40  Forge  
  15  0:59  Pylon  
  15  1:02  Probe  
  16  1:14  Probe, Pylon  
  17  1:29  Photon Cannon  
  17  1:33  Photon Cannon  
  17  1:48  Photon Cannon  
  16  1:56  Photon Cannon  
  16  2:07  Probe  
  17  2:15  Photon Cannon  
  16  2:37  Photon Cannon  
  16  3:07  Nexus  
  16  3:10  Pylon  
  16  3:11  Probe  
  16  3:19  Probe  
  18  3:27  Probe  
  18  3:33  Pylon  
  19  3:39  Probe  
  19  3:41  Pylon  
  20  3:52  Probe  
  21  4:01  Photon Cannon  
  21  4:05  Photon Cannon  
  21  4:11  Photon Cannon  
  20  4:22  Assimilator  
  20  4:24  Probe  
  20  4:27  Assimilator  
  21  4:32  Probe  
  21  4:37  Photon Cannon  
  22  4:42  Probe  
  22  4:43  Photon Cannon  
  23  4:54  Probe  
  23  4:55  Probe  
  23  4:58  Assimilator  
  25  5:01  Assimilator  
  25  5:02  Photon Cannon  
  25  5:04  Pylon  
  25  5:06  Probe  
  25  5:07  Probe  
  27  5:14  Probe  
  27  5:21  Gateway  
  28  5:23  Probe x2  
  30  5:31  Probe  
  30  5:35  Probe  
  31  5:41  Probe  
  33  5:52  Probe  
  33  5:53  Probe  
  35  6:04  Probe  
  35  6:05  Probe  
  37  6:12  Pylon  
  37  6:17  Probe, Pylon  
  38  6:20  Cybernetics Core  
  38  6:22  Pylon x2  
  38  6:24  Photon Cannon  
  38  6:29  Probe  
  39  6:35  Pylon  
  39  6:39  Photon Cannon  
  39  6:41  Probe  
  40  6:53  Photon Cannon  
  41  6:59  Photon Cannon  
  41  7:00  Photon Cannon  
Show
View Real Time Build Order
Export as new Build Order

inexorable Zerg 

Build Orders: Hatch First, Swarm Host 

Get SALT Encoding   

  12  0:12  Drone x2  
  14  0:41  Hatchery  
  13  0:43  Overlord  
  13  0:50  Drone  
  14  1:16  Extractor, Spawning Pool, Drone x2  
  14  1:19  Drone  
  15  1:30  Drone  
  16  1:43  Overlord  
  16  2:03  Zergling x2  
  16  2:04  Queen, Zergling x4  
  21  2:10  Queen  
  21  2:15  Zergling x2  
  24  2:37  Zergling x10  
  26  3:15  Drone x6  
  26  3:18  Lair  
  32  3:21  Extractor  
  32  3:26  Drone x2  
  30  4:19  Zergling x12  
  30  4:21  Overlord x3  
  30  4:24  Metabolic Boost  
  35  4:31  Infestation Pit  
  35  4:33  Overlord, Drone  
  35  4:34  Evolution Chamber  
  35  4:35  Evolution Chamber  
  31  5:03  Zergling x12  
  31  5:04  Zergling x8  
  38  5:33  Swarm Host x4  
  50  5:35  Drone x2  
  41  6:13  Swarm Host  
  41  6:16  Zergling x4  
  41  6:17  Zergling x6  
  47  6:31  Drone  
  47  6:32  Drone  
  49  6:39  Hatchery  
  48  6:45  Hatchery  
Tags
 
Add a new tag
Caveats
  • Supply blocks, unpowered buildings, or Contaminate may cause inaccurate times.
  • Supply counts are checked every 10 seconds.